 Dungeon Crawl Stone Soup version 0.14-a0-30-gf0b6e91 (webtiles) character file.

856 Malachi the Skirmisher (level 7, -1/59 HPs)
             Began as a Ghoul Fighter on Sept 27, 2013.
             Was an Initiate of Okawaru.
             Slain by Dowan
             ... wielding a +1,+0 elven dagger
              (3 damage)
             ... on Level 5 of the Dungeon.
             The game lasted 00:08:11 (3704 turns).

Malachi the Skirmisher (Ghoul Fighter)              Turns: 3704, Time: 00:08:12

HP  -1/59        AC  9     Str 22      XL: 7   Next: 39%
MP   4/4         EV  7     Int  3      God: Okawaru [......]
Gold 264         SH 19     Dex  8      Spells:  0 memorised,  6 levels left

Res.Fire  : . . .   See Invis. : .   a - +0 mace
Res.Cold  : + . .   Warding    : .   b - +0 scale mail
Life Prot.: + + +   Conserve   : .   c - +0 shield
Res.Poison: +       Res.Corr.  : .   (no helmet)
Res.Elec. : .       Clarity    : .   A - +0 cloak
Sust.Abil.: . .     Spirit.Shd : .   (no gloves)
Res.Mut.  : .       Stasis     : .   t - +0 pair of boots
Res.Rott. : +       Flight     : .   (no amulet)
Saprovore : + + +                    (no ring)
                                     (no ring)

@: rotting, glowing, slightly resistant to hostile enchantments, extremely
unstealthy
A: rotting body, claws 1, carnivore 3, cold resistance 1, life protection 3,
poison resistance, saprovore 3, slow healing 1, torment resistance, unbreathing
a: Renounce Religion


You were on level 5 of the Dungeon.
You worshipped Okawaru.
Okawaru was noncommittal.
You were not hungry.

You visited 1 branch of the dungeon, and saw 5 of its levels.

You collected 244 gold pieces.

Inventory:

Hand weapons
 a - a +0,+0 mace (weapon)
Armour
 b - a +0 scale mail (worn)
 c - a +0 shield (worn)
 t - a +0 pair of boots (worn)
 A - a +0 cloak (worn)
Comestibles
 v - a meat ration
 z - a chunk of goblin flesh
 B - a chunk of rat flesh
 C - a chunk of bat flesh
Scrolls
 g - a scroll of curse armour {unknown}
 h - 6 scrolls of teleportation {unknown}
 i - 3 scrolls of identify {unknown}
 m - 9 scrolls of remove curse {unknown}
 n - a scroll of blinking {unknown}
 s - 2 scrolls of random uselessness {unknown}
 u - 2 scrolls of enchant weapon II {unknown}
 w - a scroll of noise {unknown}
 y - 2 scrolls of recharging {unknown}
 D - a scroll of enchant armour {unknown}
Potions
 d - 6 potions of heal wounds {unknown}
 e - a potion of decay {unknown}
 f - 3 potions of curing {unknown}
 j - a potion of cure mutation {unknown}
 k - a potion of restore abilities {unknown}
 l - 2 potions of speed {unknown}
 o - a potion of flight {unknown}
 p - a potion of poison {unknown}
 x - a potion of might {unknown}
Books
 q - a book of Envenomations

   Spells                             Type                      Level
   Spider Form                        Transmutation/Poison         3
   Poison Weapon                      Charms/Poison                3
   Summon Scorpions                   Summoning/Poison             4
   Olgreb's Toxic Radiance            Poison                       4
   Poisonous Cloud                    Conjuration/Poison/Air       6
 r - a Grand Grimoire {highlevel}

   This book is beyond your current level of understanding.

   Spells                             Type                      Level
   Demonic Horde                      Summoning                    6
   Mass Abjuration                    Summoning                    6
   Haunt                              Necromancy/Summoning         7
   Summon Greater Demon               Summoning                    7
   Malign Gateway                     Summoning/Translocation      7
   Summon Horrible Things             Summoning                    8


   Skills:
 + Level 4.3 Fighting
 * Level 4.0 Maces & Flails
 + Level 3.7 Armour
 + Level 3.1 Dodging
 + Level 4.3 Shields


You had 6 spell levels left.
You didn't know any spells.

Dungeon Overview and Level Annotations

Branches:
Dungeon (5/27)
 Temple: D:4-7

Altars:
Elyvilon
Okawaru

Annotations:
D:5 Dowan, Duvessa


Innate Abilities, Weirdness & Mutations

Your body is rotting away.
You have sharp fingernails.
You are carnivorous and can eat meat at any time.
Your flesh is cold resistant.
You are immune to negative energy.
Your system is resistant to poisons.
You thrive on rotten meat.
You heal slowly.
You are immune to unholy pain and torment.
You can survive without breathing.


Message History

* * * LOW HITPOINT WARNING * * *
You block Duvessa's attack.
You hit Dowan.
Dowan is almost dead.
Dowan hits you but does no damage. Duvessa closely misses you.
Dowan hits you with an elven dagger.
* * * LOW HITPOINT WARNING * * *
Eat one of 2 chunks of goblin flesh? (ye/n/q/i?) This raw flesh tastes good!
You block Duvessa's attack. The worm bites you but does no damage.
You block Dowan's attack.
You continue eating.
Duvessa hits you with an elven short sword!
* * * LOW HITPOINT WARNING * * *
Dowan casts a spell at Duvessa.
Duvessa seems to speed up.
You continue eating.
Duvessa hits you with an elven short sword.
* * * LOW HITPOINT WARNING * * *
You block the worm's attack. Dowan hits you with an elven dagger.
You die...

####### .
#.....#
..########.###.#
...............#
##...e.#.###.#
+...w@e.....>#
##.#.#.#####.#
#.#.# #.# ..#.#
#.# ####.# #.#
...#.# #.#
#......# #.#
#.#..### #.#
#.#..# #.#


You could see Duvessa, a worm and Dowan.

Vanquished Creatures
  Eustachio (D:4)
  An ice beast (D:5)
  2 crimson imps (D:5)
  An iguana (D:4)
  2 scorpions
  Jessica (D:3)
  8 adders
  3 giant mites
  3 worms
  2 grey rats (D:4)
  A giant eyeball (D:4)
  3 giant geckos (D:3)
  4 orcs (D:3)
  11 giant cockroaches
  8 hobgoblins
  7 jackals
  5 kobolds
  4 quokkas
  A ball python (D:2)
  10 bats
  4 giant newts
  6 goblins
  A kobold skeleton (D:4)
  10 rats
99 creatures vanquished.

Notes
Turn   | Place    | Note
--------------------------------------------------------------
     0 | D:1      | Malachi, the Ghoul Fighter, began the quest for the Orb.
     0 | D:1      | Reached XP level 1. HP: 19/19 MP: 0/0
   224 | D:1      | Reached XP level 2. HP: 26/26 MP: 1/1
   716 | D:2      | Reached XP level 3. HP: 24/31 MP: 2/2
   749 | D:2      | Found a white marble altar of Elyvilon.
  1079 | D:2      | Reached skill level 1 in Dodging
  1079 | D:2      | Reached XP level 4. HP: 25/35 MP: 2/2
  1207 | D:2      | Found an iron altar of Okawaru.
  1222 | D:2      | Became a worshipper of Warmaster Okawaru
  1703 | D:3      | Reached XP level 5. HP: 27/43 MP: 3/3
  2203 | D:3      | Noticed Jessica
  2212 | D:3      | Killed Jessica
  2876 | D:4      | Reached XP level 6. HP: 9/51 MP: 4/4
  3136 | D:4      | Noticed Eustachio
  3139 | D:4      | Paralysed by a giant eyeball for 2 turns
  3169 | D:4      | Killed Eustachio
  3169 | D:4      | Reached skill level 4 in Fighting
  3319 | D:4      | Reached XP level 7. HP: 31/58 MP: 4/4
  3514 | D:5      | Entered Level 5 of the Dungeon
  3673 | D:5      | Noticed Duvessa
  3675 | D:5      | Noticed Dowan
  3704 | D:5      | HP: 2/59 [Duvessa/elven short sword (3)]
  3704 | D:5      | Slain by Dowan

Action                   |  1- 3 |  4- 6 |  7- 9 || total
-------------------------+-------+-------+-------++-------
Melee: Mace              |   119 |   301 |    69 ||   489
